 Dungeon Crawl Stone Soup version 0.18.1-48-g4cf74bf (webtiles) character file.

3536 TheHappyHalfling the Slicer (level 10, -1/66 HPs)
             Began as a Halfling Gladiator on July 18, 2016.
             Slain by an orc warrior
             ... wielding a +0 hand axe
              (11 damage)
             ... on level 6 of the Dungeon.
             The game lasted 00:26:26 (10353 turns).

TheHappyHalfling the Slicer (Halfling Gladiator)   Turns: 10353, Time: 00:26:26

Health: -1/66      AC:  6    Str: 15    XL:     10   Next: 29%
Magic:  10/10      EV: 28    Int:  7    God:
Gold:   337        SH:  0    Dex: 24    Spells: 0 memorised, 9 levels left

rFire  + . .     SeeInvis .     a - +0 rapier
rCold  . . .     Gourm    .     o - +0 leather armour {rF+}
rNeg   . . .     Faith    +     (shield restricted)
rPois  +         Spirit   .     c - +0 helmet
rElec  .         Dismiss  .     H - +0 cloak
rCorr  .         Reflect  .     (no gloves)
SustAt .         Harm     .     (no boots)
MR     .....                    C - amulet of faith {!P}
Stlth  +++.......               k - ring of poison resistance
                                K - ring of stealth

@: agile, silence, not resistant to hostile enchantments, fairly stealthy
A: mutation resistance 1
a: no special abilities


You were on level 6 of the Dungeon.
You were not hungry.

You visited 2 branches of the dungeon, and saw 8 of its levels.

You collected 337 gold pieces.


Innate Abilities, Weirdness & Mutations

You are small and have problems with some larger weapons.
You are somewhat resistant to further mutation.


   Skills:
 - Level 5.3 Fighting
 - Level 13.0 Short Blades
 - Level 2.1 Throwing
 - Level 5.1 Armour
 - Level 8.1 Dodging
 + Level 0.2 Shields


You had 9 spell levels left.
You didn't know any spells.

Inventory:

Hand Weapons
 a - a +0 rapier (weapon)
 b - a +0 dagger of holy wrath
 d - a +0 blowgun
 A - a +0 dagger of draining
Missiles
 q - 5 poisoned needles
 B - 114 stones (quivered)
Armour
 c - a +0 helmet (worn)
 o - a +0 leather armour of fire resistance (worn)
 G - a +0 buckler of positive energy
 H - a +0 cloak (worn)
Jewellery
 j - a +6 ring of strength {unknown}
 k - a ring of poison resistance (right hand)
 m - a cursed amulet of inaccuracy {unknown}
 C - an amulet of faith (around neck) {!P}
 K - a ring of stealth (left hand)
Wands
 h - a wand of polymorph (6/24)
 D - a wand of lightning (5/15)
Scrolls
 g - 2 scrolls of blinking
 i - a scroll of remove curse
 l - 3 scrolls of fog
 n - a scroll of enchant armour {unknown}
 s - a scroll of recharging {unknown}
 w - a scroll of enchant weapon
 x - a scroll of amnesia {unknown}
 y - 4 scrolls of teleportation {@r4}
 E - a scroll of random uselessness {unknown}
 I - 2 scrolls of fear {unknown}
 M - a scroll of identify {@r1}
Potions
 u - 2 potions of degeneration {!q}
 z - 3 potions of brilliance
 F - 2 potions of flight
Miscellaneous
 v - a plain deck of defence
Comestibles
 f - 4 bread rations
 p - a beef jerky
 r - 8 fruits
 t - 2 meat rations

Dungeon Overview and Level Annotations

Branches:
Dungeon (7/15)             Temple (1/1) D:4

Altars:
Ashenzari
Cheibriados
Dithmenos
Elyvilon
Fedhas
Gozag
Kikubaaqudgha
Makhleb
Nemelex Xobeh
Okawaru
Pakellas
Qazlal
Ru
Sif Muna
Vehumet
Xom
Yredelemnul
Zin
The Shining One

Shops:
D:4 (   D:5 [

Annotations:
D:6 asdu's ghost, amateur DDBe

▒...÷▒ ♣♣...♣♣ ♣♣♣.♣ ▒...(▒
♣♣♣♣♣ ♣♣.♣♣♣ ▒....▒ ♣♣♣....♣♣
▒....▒ ♣...♣♣..♣ ▒....▒
♣♣♣♣.♣♣♣♣.♣♣ ▒▒▒▒#▒ ♣♣♣♣.[.♣♣
♣♣.♣ ▒.▒ ♣♣♣.(.♣♣♣♣ ♣♣. ▒)▒
♣♣oo♣♣♣♣ ♣.. ▒)▒ ♣po♣♣ ♣♣.
▒▒▒▒▒▒▒▒▒▒)▒ ♣♣♣♣ ♣♣
▒.........)▒▒ ♣
▒.▒▒▒▒.▒▒▒..▒▒▒▒▒▒▒▒▒▒▒▒▒▒▒▒▒▒▒▒
▒.▒▒▒...▒▒▒...........((...(....
▒.▒≈≈...≈≈▒.▒▒▒▒▒▒▒▒▒▒▒▒▒▒▒▒.▒▒▒
▒.▒≈..♣..≈▒.▒ ▒)▒ ▒...........▒
▒.▒ ▒...♣._.♣...▒ ▒.▒


You could see an orc warrior (inner flame) and 2 orcs.


Message History

You feel momentarily disoriented.
It was a scroll of magic mapping.
The orc hits you but does no damage. The orc closely misses you.
Read which item? (? for menu, Esc to quit)
Okay, then.
Drink which item? (? for menu, Esc to quit)
Okay, then.
Read which item? (? for menu, Esc to quit)
As you read the scroll labeled IRAOTEKU KETUSH, it crumbles to dust.
The creatures around you are filled with an inner flame!
It was a scroll of immolation.
The orc hits you.
* * * LOW HITPOINT WARNING * * *
The orc closely misses you.
Read which item? (? for menu, Esc to quit)
As you read the scroll labeled KONY ANKIOHEGUOHE, it crumbles to dust.
A profound silence engulfs you.
It was a scroll of silence.
The orc barely misses you. The orc closely misses you.
Read which item? (? for menu, Esc to quit)
Okay, then.
Drink which item? (? for menu, Esc to quit)
You feel agile all of a sudden. The orc closely misses you. x2
The orc completely misses you. x2
The orc hits you.
* * * LOW HITPOINT WARNING * * *
The orc completely misses you. The orc completely misses you.
The orc closely misses you. The orc hits you but does no damage.
The orc warrior hits you with a hand axe!
You die...

Action                   |  1- 3 |  4- 6 |  7- 9 | 10-12 || total
-------------------------+-------+-------+-------+-------++-------
Melee: Dagger            |    25 |     2 |   155 |    42 ||   224
       Rapier            |    86 |   287 |   448 |   136 ||   957
 Fire: Blowgun           |       |       |    22 |       ||    22
Throw: Throwing net      |       |     1 |     4 |       ||     5
       Stone             |       |       |     7 |       ||     7
  Use: Potion            |       |       |     5 |     1 ||     6
       Scroll            |       |       |     9 |     6 ||    15
 Stab: Held in net/web   |       |     1 |     2 |       ||     3
       Sleeping          |       |       |     3 |     2 ||     5
  Eat: Chunk             |       |    11 |    16 |     4 ||    31
       Fruit             |       |       |     1 |       ||     1
Armor: Leather armour    |     3 |       |     9 |    16 ||    28
       Ring mail         |    20 |    58 |    87 |       ||   165
Dodge: Dodged            |    71 |   149 |   310 |   101 ||   631
Block: Buckler           |       |       |       |    10 ||    10

Vault maps used:
D:1:      lemuel_arrival_river_ford, cheibriados_altar_1
D:2:      gammafunk_temple_overflow_forgotten, ecumenical_altar_2,
          amalloy_card_club
D:3:      first_bread
D:4:      fiery_altar_vehumet, minmay_temple_entry_junction, serial_shops,
          kennysheep_mini_moat, uniq_crazy_yiuf_cottage
D:5:      serial_shops, shop_statue
D:6:      forest_paths, elyvilon_altar_4, nicolae_underground_beach
Temple:   chambers_temple_14

Notes
Turn   | Place    | Note
--------------------------------------------------------------
     0 | D:1      | TheHappyHalfling the Halfling Gladiator began the quest for the Orb.
     0 | D:1      | Reached XP level 1. HP: 14/14 MP: 1/1
   103 | D:1      | Reached XP level 2. HP: 19/19 MP: 2/2
   353 | D:1      | Reached skill level 5 in Short Blades
   384 | D:1      | Found a snail-covered altar of Cheibriados.
   564 | D:1      | Reached XP level 3. HP: 20/24 MP: 3/3
   885 | D:2      | Found a snail-covered altar of Cheibriados.
   885 | D:2      | Found an ancient bone altar of Kikubaaqudgha.
   885 | D:2      | Found a basalt altar of Yredelemnul.
  1012 | D:2      | Reached skill level 6 in Short Blades
  1012 | D:2      | Reached XP level 4. HP: 27/29 MP: 4/4
  1062 | D:2      | Found a faded altar to an unknown god.
  1650 | D:2      | Reached skill level 7 in Short Blades
  1650 | D:2      | Reached XP level 5. HP: 34/34 MP: 5/5
  2178 | D:2      | HP: 3/34 [gnoll/halberd (9)]
  2862 | D:3      | Reached skill level 1 in Armour
  3276 | D:3      | Reached skill level 2 in Armour
  3284 | D:3      | Reached XP level 6. HP: 33/39 MP: 6/6
  3421 | D:3      | Reached skill level 3 in Armour
  3690 | D:4      | Found a staircase to the Ecumenical Temple.
  3703 | Temple   | Entered the Ecumenical Temple
  3986 | D:4      | Found Xeiso's Weapon Boutique.
  4070 | D:4      | Found a radiant altar of Vehumet.
  4084 | D:4      | Noticed a phantom
  4119 | D:4      | Killed a phantom
  4119 | D:4      | Reached skill level 4 in Armour
  4403 | D:4      | Noticed Crazy Yiuf
  4413 | D:4      | Killed Crazy Yiuf
  4413 | D:4      | Reached XP level 7. HP: 44/44 MP: 7/7
  4513 | D:4      | Reached skill level 4 in Dodging
  5007 | D:5      | Entered Level 5 of the Dungeon
  5122 | D:5      | Reached skill level 5 in Dodging
  5212 | D:5      | Found Mieset's Armour Shop.
  5365 | D:5      | Reached skill level 5 in Armour
  5700 | D:5      | Reached skill level 8 in Short Blades
  5700 | D:5      | Reached XP level 8. HP: 19/49 MP: 8/8
  6081 | D:6      | Found a white marble altar of Elyvilon.
  6339 | D:6      | Noticed a spriggan
  6345 | D:6      | Noticed a spriggan
  6348 | D:6      | Noticed a spriggan
  6351 | D:6      | Killed a spriggan
  6351 | D:6      | Reached skill level 9 in Short Blades
  6356 | D:6      | Killed a spriggan
  6356 | D:6      | Reached skill level 10 in Short Blades
  6370 | D:6      | Noticed a spriggan
  6444 | D:6      | Killed a spriggan
  6444 | D:6      | Reached skill level 11 in Short Blades
  6469 | D:6      | Killed a spriggan
  6469 | D:6      | Reached XP level 9. HP: 11/54 MP: 9/9
  6770 | D:6      | Reached skill level 12 in Short Blades
  7065 | D:6      | HP: 2/54 [orc warrior/glaive (12)]
  7441 | D:6      | Noticed asdu's ghost (amateur DDBe)
  7790 | D:6      | Reached skill level 13 in Short Blades
  7907 | D:6      | Reached skill level 2 in Fighting
  7954 | D:6      | Reached skill level 3 in Fighting
  8232 | D:6      | Reached skill level 4 in Fighting
  9072 | D:5      | Reached skill level 5 in Fighting
  9309 | D:6      | Reached XP level 10. HP: 59/66 MP: 10/10
  9369 | D:6      | Reached skill level 6 in Dodging
  9843 | D:6      | Reached skill level 7 in Dodging
 10247 | D:7      | Reached skill level 8 in Dodging
 10353 | D:6      | Slain by an orc warrior

Vanquished Creatures
  8 spriggans
  A hungry ghost (D:7)
  2 orc warriors
  2 phantoms
  2 centaurs (D:6)
  3 ogres
  A big kobold (D:6)
  2 giant frogs (D:6)
  A wyvern skeleton (D:6)
  2 scorpions
  3 wights (D:6)
  2 crimson imps
  3 howler monkeys (D:4)
  3 orc wizards
  2 giant frog zombies (D:6)
  3 jellies
  A giant frog skeleton (D:7)
  A hound (D:4)
  Crazy Yiuf (D:4)
  2 worker ants (D:6)
  A worker ant zombie (D:6)
  10 gnolls
  14 adders
  2 shadow imps
  2 oozes
  2 worms
  A dart slug (D:1)
  2 giant geckos (D:6)
  21 orcs
  10 giant cockroaches
  6 goblins
  9 hobgoblins
  7 jackals (D:3)
  4 quokkas
  A ball python (D:2)
  6 bats
  A giant gecko skeleton (D:4)
  4 giant newts
  A jackal zombie (D:7)
  13 kobolds
  6 rats
168 creatures vanquished.

Vanquished Creatures (others)
  A centaur skeleton (D:4)
  2 adders (D:4)
3 creatures vanquished.

Grand Total: 171 creatures vanquished
